 Dungeon Crawl Stone Soup version 0.30-a0-989-g0d87f670db (webtiles) character file.

Game seed: 553095504017745180

69 2tousent the Ducker (level 4, -5/41 HPs)
             Began as a Gnoll Monk on Apr 3, 2023.
             Slain by Terence
             ... wielding a +0 trident
              (9 damage)
             ... on level 2 of the Dungeon.
             The game lasted 00:01:23 (1527 turns).

2tousent the Ducker (Gnoll Monk)                    Turns: 1527, Time: 00:01:24

Health: -5/41      AC:  2    Str: 10    XL:     4   Next: 20%
Magic:  5/5        EV: 15    Int: 12    God:
Gold:   109        SH:  0    Dex: 14    Spells: 5/5 levels left

rFire   + . .      SeeInvis .    d - staff of fire
rCold   . . .      Faith    .    (no shield)
rNeg    . . .      Spirit   .    b - +0 robe
rPois   .          Reflect  .    (no helmet)
rElec   .          Rampage  .    (no cloak)
rCorr   .                        (no gloves)
Will    .....                    (no boots)
Stlth   +++                      (no amulet)
HPRegen 0.26/turn                (no ring)
MPRegen 0.09/turn                (no ring)

@: lethally poisoned (-5 -> -8)
A: fangs 1, strong nose, distributed training
a: no special abilities


You were on level 2 of the Dungeon.
You visited 1 branch of the dungeon, and saw 2 of its levels.

You collected 109 gold pieces.

Inventory:

Hand Weapons
 a - a +0 mace
Armour
 b - a +0 robe (worn)
Magical Staves
 d - a staff of fire (weapon)
Scrolls
 e - 5 scrolls of identify {unknown}
 f - 2 scrolls of amnesia {unknown}
 h - a scroll of blinking {unknown}
Potions
 c - a potion of ambrosia
 g - 2 potions of mutation {unknown}
 i - 3 potions of heal wounds {unknown}


   Skills:
 + Level 6.6 Fighting
 + Level 1.1 Short Blades
 + Level 1.1 Long Blades
 + Level 1.1 Axes
 + Level 6.6 Maces & Flails
 + Level 1.1 Polearms
 + Level 1.1 Staves
 + Level 1.1 Ranged Weapons
 + Level 1.1 Throwing
 + Level 1.1 Armour
 + Level 6.6 Dodging
 + Level 4.2 Stealth
 + Level 1.1 Shields
 + Level 1.1 Unarmed Combat
 + Level 1.1 Spellcasting
 + Level 0.8 Conjurations
 + Level 0.8 Hexes
 + Level 0.8 Summonings
 + Level 0.8 Necromancy
 + Level 0.8 Translocations
 + Level 0.8 Transmutations
 + Level 0.8 Fire Magic
 + Level 0.8 Ice Magic
 + Level 0.8 Air Magic
 + Level 0.8 Earth Magic
 + Level 0.8 Poison Magic
 + Level 1.2 Invocations
 + Level 1.1 Evocations


You had 5 spell levels left.
You didn't know any spells.
Your spell library was empty.

Dungeon Overview and Level Annotations

Branches:
Dungeon (2/15)

Altars:
Wu Jian

Shops:
D:1 !

Annotations:
D:2 Terence


Innate Abilities, Weirdness & Mutations

You have very sharp teeth.
Your uncanny sense of smell can sniff out nearby items.
Your experience applies equally to all skills.


Message History

The adder is heavily wounded.
You feel sick. The adder closely misses you.
Terence hits you from afar with a +0 trident.
You miss the adder. Your bite misses the adder.
The adder is heavily wounded.
You feel sick. The adder closely misses you.
Terence hits you from afar with a +0 trident!
The adder bites you but does no damage.
You completely miss the adder.
The adder is heavily wounded.
You feel sick. The adder bites you but does no damage.
Terence barely misses you.
You hit the adder but do no damage.
The adder is heavily wounded.
You feel sick. The adder misses you. Terence barely misses you.
The adder closely misses you.
You closely miss the adder.
The adder is heavily wounded.
You feel sick.
You are no longer poisoned.
Terence closely misses you. The adder misses you.
You hit the adder.
The adder is heavily wounded.
The adder closely misses you.
Terence hits you from afar with a +0 trident!
The adder barely misses you.
You closely miss the adder.
The adder is heavily wounded.
Terence barely misses you. The adder bites you.
* * * LOW HITPOINT WARNING * * *
You are poisoned.
The adder poisons you!
Terence hits you from afar with a +0 trident.
* * * LOW HITPOINT WARNING * * *
You closely miss the adder. You bite the adder.
The adder is severely wounded.
You feel sick. The adder bites you.
* * * LOW HITPOINT WARNING * * *
Terence hits you from afar with a +0 trident!
You die...

#...# #.......÷
#.#@# #8.......
...#.# #.......÷
#...#.#
#8......_
..#..#.#
#########
#...#.#.#
#.#####
......##.#
#......
#########@#
#.#####
......S@..######
#.#####
#########......#
#.....#
######.###.###.#
#.....# #.#
####### #.. ###


You could see Terence and an adder.

Vanquished Creatures
  Jessica (D:2)
  An adder (D:2)
  A worm (D:2)
  2 endoplasms
  4 goblins
  2 hobgoblins
  6 kobolds
  A quokka (D:2)
  7 ball pythons
  2 frilled lizards
  4 rats (D:2)
31 creatures vanquished.

Notes
Turn   | Place    | Note
-------+----------+-------------------------------------------
     0 | D:1      | 2tousent the Gnoll Monk began the quest for the Orb.
     0 | D:1      | Reached XP level 1. HP: 23/23 MP: 1/1
    98 | D:1      | Reached XP level 2. HP: 7/29 MP: 2/2
   221 | D:1      | Found Farraof's Distillery.
   770 | D:2      | Reached XP level 3. HP: 31/35 MP: 3/3
   892 | D:2      | Found an ornate altar of the Wu Jian Council.
  1051 | D:2      | Reached skill level 1 in Invocations
  1157 | D:2      | Found a faded altar of an unknown god.
  1226 | D:2      | Noticed Jessica
  1241 | D:2      | Killed Jessica
  1242 | D:2      | Reached skill level 1 in Short Blades
  1242 | D:2      | Reached skill level 1 in Long Blades
  1242 | D:2      | Reached skill level 1 in Axes
  1242 | D:2      | Reached skill level 1 in Polearms
  1242 | D:2      | Reached skill level 1 in Staves
  1242 | D:2      | Reached skill level 1 in Ranged Weapons
  1242 | D:2      | Reached skill level 1 in Throwing
  1242 | D:2      | Reached skill level 1 in Armour
  1242 | D:2      | Reached skill level 1 in Shields
  1242 | D:2      | Reached skill level 1 in Unarmed Combat
  1242 | D:2      | Reached skill level 1 in Spellcasting
  1242 | D:2      | Reached skill level 1 in Evocations
  1242 | D:2      | Reached XP level 4. HP: 26/41 MP: 5/5
  1503 | D:2      | Noticed Terence
  1527 | D:2      | Slain by Terence

Illustrated notes

Levels and vault maps discovered:
D:1:      grunt_arrival_crossed_arrows, layout_rooms, serial_shops, shop,
          hangedman_decor_peaks_small, minmay_door_square,
          minmay_misc_feat_roman, wad_floor_pattern_untrapped
D:2:      layout_loops_ring, shapermc_ecumenical_altar_pompeii, basic_altar,
          minivault_26, uniq_terence, uniq_jessica

Skill      XL: |  1  2  3 |
---------------+----------+-----
Invocations    | 1 |  1.2
Short Blades   | 1 |  1.1
Long Blades    | 1 |  1.1
Axes           | 1 |  1.1
Polearms       | 1 |  1.1
Staves         | 1 |  1.1
Ranged Weapons | 1 |  1.1
Throwing       | 1 |  1.1
Armour         | 1 |  1.1
Shields        | 1 |  1.1
Unarmed Combat | 1 |  1.1
Spellcasting   | 1 |  1.1
Evocations     | 1 |  1.1
Fighting       | |  6.6
Maces & Flails | |  6.6
Dodging        | |  6.6
Stealth        | |  4.2
Conjurations   | |  0.8
Hexes          | |  0.8
Summonings     | |  0.8
Necromancy     | |  0.8
Translocations | |  0.8
Transmutations | |  0.8
Fire Magic     | |  0.8
Ice Magic      | |  0.8
Air Magic      | |  0.8
Earth Magic    | |  0.8
Poison Magic   | |  0.8

Action                     |  1- 3 |  4- 6 || total
---------------------------+-------+-------++-------
  Melee: Mace              |    24 |       ||    24
         Bite              |    17 |     4 ||    21
         Staff             |    95 |    19 ||   114
         Punch             |     4 |     1 ||     5
   Stab: Sleeping          |     6 |       ||     6
 Armour: Robe              |    12 |     7 ||    19
  Dodge: Dodged            |    72 |    20 ||    92

Table legend: (Time is in decaauts)
 A = Elapsed time spent in this place.
 B = Non-inter-level travel time spent in this place.
 C = Inter-level travel time spent in this place.
 D = Time resting spent in this place.
 E = Time spent auto-exploring this place.
 F = Levels seen in this place.
 G = Mean time per level.
                   A        B        C        D        E       F      G
               +--------+--------+--------+--------+--------+-----+--------+
         Total |   1546 |   1489 |     57 |      0 |   1198 |   2 |  773.0 |
       Dungeon |   1546 |   1489 |     57 |      0 |   1198 |   2 |  773.0 |
               +--------+--------+--------+--------+--------+-----+--------+

Top non-repeatable levels by time:
     D:2: 897 daAuts
     D:1: 649 daAuts
